 Dungeon Crawl Stone Soup version 0.31-a0-1300-gb6740aa4e6 (webtiles) character file.

Game seed: 8355863293368978581

287 MachoJfn the Chopper (level 6, -5/47 HPs)
             Began as a Demonspawn Gladiator on Dec 18, 2023.
             Was a Plaything of Xom.
             Killed by divine providence
             ... invoked by an orc priest
              (10 damage)
             ... on level 4 of the Dungeon.
             The game lasted 00:09:07 (2572 turns).

MachoJfn the Chopper (Demonspawn Gladiator)         Turns: 2572, Time: 00:09:08

Health: -5/47      AC: 12    Str: 16    XL:     6   Next: 8%
Magic:  6/6        EV:  5    Int:  9    God:    Xom [..*...]
Gold:   199        SH:  0    Dex: 14    Spells: 5/5 levels left

rFire   . . .        a - +4 war axe
rCold   . . .        (no shield)
rNeg    . . .        i - +0 plate armour
rPois   .            c - +0 helmet
rElec   .            h - scarf {repulsion}
rCorr   .            (no gloves)
SInv    .            (no boots)
Will    .....        (no amulet) Stlth
                     (no ring)
HPRegen 2.27/turn    (no ring)
MPRegen 0.10/turn

%: repel missiles
@: no status effects
A: powered by death 2, demonic touch 1
a: Renounce Religion


You were on level 4 of the Dungeon.
You worshipped Xom.
You were a toy of Xom.
You visited 1 branch of the dungeon, and saw 4 of its levels.

You collected 199 gold pieces.

Inventory:

Hand Weapons
 a - a +4 war axe (weapon)
Missiles
 d - 3 throwing nets (quivered)
 e - a javelin
 l - 17 stones
Armour
 c - a +0 helmet (worn)
 h - a scarf of repulsion (worn)
 i - a +0 plate armour (worn)
Scrolls
 b - a scroll of revelation
 f - 2 scrolls of identify
 n - 2 scrolls of teleportation
Potions
 j - a potion of brilliance
 k - a potion of lignification


   Skills:
 + Level 3.0 Fighting
 + Level 4.5 Axes
 + Level 1.8 Throwing
 + Level 2.6 Armour
 + Level 3.4 Dodging


You had 5 spell levels left.
You didn't know any spells.
Your spell library contained the following spells:

 Spells                   Type           Power      Damage    Failure   Level
 Sandblast                Erth           0%         2d4       100%        1
 Passwall                 Tmut/Erth      0%         N/A       100%        2
 Stone Arrow              Conj/Erth      0%         3d7       100%        3
 Brom's Barrelling Bould  Conj/Erth      0%         2d3       100%        4


Dungeon Overview and Level Annotations

Branches:
Dungeon (4/15)
 Temple: D:4-7

Altars:
Hepliaklqana
Kikubaaqudgha
Qazlal
Ru
Vehumet
Xom
Yredelemnul

Shops:
D:2 *   D:4 ?


Innate Abilities, Weirdness & Mutations

You regenerate health from kills.
Your touch may inflict minor irresistible damage on your foes.


Message History

The black bear claws you but does no damage. x2
The orc hits you but does no damage.
The orc priest calls upon Beogh to heal the orc.
The orc's wounds heal themselves!
You barely miss the black bear.
The black bear is almost dead.
You barely miss the orc. The black bear bites you.
The black bear barely misses you. The black bear claws you.
The black bear bites you!
* * * LOW HITPOINT WARNING * * *
The black bear claws you but does no damage. x2
The orc hits you with a +0 whip.
* * * LOW HITPOINT WARNING * * *
You feel much better. The black bear bites you. The black bear claws you.
The black bear completely misses you. The orc hits you with a +0 whip.
The orc priest hits you but does no damage.
The black bear bites you!
* * * LOW HITPOINT WARNING * * *
The black bear claws you but does no damage. x2
You barely miss the black bear.
The black bear is almost dead.
You slash the orc priest! You slash the orc!
You kill the orc!
The black bear barely misses you.
The black bear claws you but does no damage. x2
The orc priest calls down the wrath of Beogh upon you.
Pain shoots through your body!
* * * LOW HITPOINT WARNING * * *
The black bear bites you!
* * * LOW HITPOINT WARNING * * *
The black bear claws you but does no damage. x2
You hit the hobgoblin.
You kill the hobgoblin!
You hit the black bear.
You kill the black bear!
You hit the orc priest.
The orc priest looks encouraged for a moment.
The orc priest calls down the wrath of Beogh upon you.
Beogh smites you!
You die...

... ##............
....... ##.†#..##...#
.......###...#.......#
.##?..........####...##
.......#....[..# #.##
..............## ##
..............###
..#..o†........##
.....#@.........#
#....)..........#
##...##.........#
#...#⌠.⌠......## #..
#.∩..#....# #..
#⌠.⌠###..## #. #####
.## .. ##


You could see an orc priest.

Vanquished Creatures
  A black bear (D:4)
  2 scorpions (D:4)
  A hound (D:4)
  An orc wizard (D:3)
  4 adders
  A dart slug (D:3)
  7 orcs
  3 bats
  6 endoplasms
  5 giant cockroaches
  6 goblins
  6 hobgoblins
  6 jackals
  3 quokkas
  7 ball pythons
  2 frilled lizards
  7 kobolds
  13 rats
81 creatures vanquished.

Notes
Turn   | Place    | Note
-------+----------+-------------------------------------------
     0 | D:1      | MachoJfn the Demonspawn Gladiator began the quest for the
                  | Orb.
     0 | D:1      | Reached XP level 1. HP: 16/16 MP: 1/1
   252 | D:1      | Gained mutation: Your touch may inflict minor irresistible
                  | damage on your foes. [demonic ancestry]
   252 | D:1      | Reached XP level 2. HP: 20/22 MP: 2/2
   568 | D:1      | Reached skill level 3 in Axes
   796 | D:2      | Gained mutation: You regenerate a little health from kills.
                  | [demonic ancestry]
   796 | D:2      | Reached XP level 3. HP: 20/27 MP: 3/3
   904 | D:2      | Reached skill level 1 in Armour
  1045 | D:2      | Found Usaduunu's Assorted Antiques.
  1569 | D:3      | Gained mutation: You regenerate health from kills. [demonic
                  | ancestry]
  1569 | D:3      | Reached XP level 4. HP: 34/34 MP: 4/4
  1662 | D:3      | Found an ancient bone altar of Kikubaaqudgha.
  1662 | D:3      | Found a stormy altar of Qazlal.
  1665 | D:3      | Found a radiant altar of Vehumet.
  1666 | D:3      | Found a hazy altar of Hepliaklqana.
  1673 | D:3      | Found a shimmering altar of Xom.
  1682 | D:3      | Became a worshipper of Xom of Unknown Intent
  1744 | D:3      | Found a basalt altar of Yredelemnul.
  1749 | D:3      | Found a sacrificial altar of Ru.
  2236 | D:3      | XOM: divination: detect items
  2399 | D:4      | Noticed a scorpion
  2407 | D:4      | Killed a scorpion
  2408 | D:4      | Reached skill level 4 in Axes
  2408 | D:4      | Reached XP level 5. HP: 40/40 MP: 5/5
  2526 | D:4      | XOM: smoke on damage
  2542 | D:4      | Reached XP level 6. HP: 46/46 MP: 6/6
  2551 | D:4      | Found Jotana Omedd's Magic Scroll Shop.
  2571 | D:4      | HP: 2/47 [black bear (8)]
  2572 | D:4      | Killed from afar by an orc priest

Illustrated notes

Levels and vault maps discovered:
D:1:      wander_arrival_desolate, layout_loops_ring, serial_forest,
          infiniplex_forest_lined_2, infiniplex_forest_side_room,
          infiniplex_forest_clump_small, infiniplex_forest_lined_3,
          infiniplex_forest_split, infiniplex_forest_lined_1,
          infiniplex_forest_clump_C
D:2:      layout_loops_ring, serial_shops, nicolae_shop_tiny_statue_garden
D:3:      layout_loops_ring, mainiacjoe_overflow_chevrons,
          nicolae_overflow_hidden_temple, fiery_altar_vehumet, minmay_unequal
D:4:      layout_cave_pools, grunt_dithmenos_smoke_and_mirrors,
          nicolae_overflow_two_pavilions, temple_pool_b, serial_shops,
          shop_fountains, chequers_arboretum

Skill      XL: |  1  2  3  4  5  6 |
---------------+-------------------+-----
Dodging        | 3 |  3.4
Axes           | 3 4 |  4.5
Armour         | 1 2 |  2.6
Fighting       | 3 |  3.0
Throwing       | |  1.8

Action                     |  1- 3 |  4- 6 || total
---------------------------+-------+-------++-------
  Melee: War axe           |   112 |    65 ||   177
         Touch             |    26 |     9 ||    35
         Punch             |     1 |       ||     1
    Use: Scroll            |    10 |     6 ||    16
         Potion            |       |     1 ||     1
 Armour: Leather armour    |    23 |       ||    23
         Ring mail         |    40 |       ||    40
         Plate armour      |     6 |    85 ||    91
         Chain mail        |     5 |       ||     5
         Skin              |     2 |       ||     2
  Dodge: Dodged            |    64 |    28 ||    92

Table legend: (Time is in decaauts)
 A = Elapsed time spent in this place.
 B = Non-inter-level travel time spent in this place.
 C = Inter-level travel time spent in this place.
 D = Time resting spent in this place.
 E = Time spent auto-exploring this place.
 F = Levels seen in this place.
 G = Mean time per level.
                   A        B        C        D        E       F      G
               +--------+--------+--------+--------+--------+-----+--------+
         Total |   2630 |   2429 |    201 |    133 |   1635 |   4 |  657.5 |
       Dungeon |   2630 |   2429 |    201 |    133 |   1635 |   4 |  657.5 |
               +--------+--------+--------+--------+--------+-----+--------+

Top non-repeatable levels by time:
     D:3: 994 daAuts
     D:1: 794 daAuts
     D:2: 629 daAuts
     D:4: 212 daAuts
